 Dungeon Crawl Stone Soup version 0.30-a0-557-ge2afbf3030 (webtiles) character file.

Game seed: 9088548230466415101

70 Mitcholas the Cudgeller (level 4, -4/39 HPs)
             Began as a Minotaur Fighter on Dec 27, 2022.
             Killed from afar by an orc wizard (6 damage)
             ... with a magic dart
             ... on level 3 of the Dungeon.
             The game lasted 00:05:17 (1787 turns).

Mitcholas the Cudgeller (Minotaur Fighter)          Turns: 1787, Time: 00:05:18

Health: -4/39      AC:  6    Str: 23    XL:     4   Next: 3%
Magic:  3/3        EV:  9    Int:  5    God:
Gold:   112        SH:  0    Dex:  9    Spells: 3/3 levels left

rFire   . . .      SeeInvis .    a - +0 flail
rCold   . . .      Faith    .    c - +0 buckler
rNeg    . . .      Spirit   .    b - +0 scale mail
rPois   .          Reflect  .    (helmet restricted)
rElec   .          Harm     .    (no cloak)
rCorr   .          Rampage  .    (no gloves)
Will    .....                    (no boots) Stlth
                                 (no amulet)
HPRegen 0.26/turn                (no ring)
MPRegen 0.08/turn                (no ring)

@: confused
A: horns 2, retaliatory headbutt
a: no special abilities


You were on level 3 of the Dungeon.
You visited 1 branch of the dungeon, and saw 3 of its levels.

You collected 112 gold pieces.

Inventory:

Hand Weapons
 a - a +0 flail (weapon)
Missiles
 j - 5 poisoned darts (quivered)
Armour
 b - a +0 scale mail (worn)
 c - a +0 buckler (worn)
Scrolls
 e - 6 scrolls of identify {unknown}
 g - a scroll of enchant weapon {unknown}
 k - a scroll of fog {unknown}
 m - a scroll of teleportation {unknown}
Potions
 d - 2 potions of might
 f - a potion of lignification {unknown}
 h - a potion of resistance {unknown}
 i - 2 potions of flight {unknown}
 l - 2 potions of brilliance {unknown}


   Skills:
 - Level 3.6 Fighting
 * Level 5.3 Maces & Flails
 - Level 3.6 Armour
 - Level 3.6 Shields


You had 3 spell levels left.
You didn't know any spells.
Your spell library contained the following spells:

 Spells                   Type           Power      Damage    Failure   Level
 Beastly Appendage        Tmut           0%         N/A       86%         1
 Wereblood                Tmut           0%         N/A       95%         2
 Dazzling Flash           Conj/Hex       0%         N/A       99%         3
 Spider Form              Tmut/Pois      0%         N/A       99%         3
 Iskenderun's Mystic Bla  Conj/Tloc      0%         2d3       100%        4
 Starburst                Conj/Fire      0%         6d3       100%        6


Dungeon Overview and Level Annotations

Branches:
Dungeon (3/15)

Altars:


Innate Abilities, Weirdness & Mutations

You have a pair of horns on your head.
You reflexively headbutt those who attack you in melee.


Message History

Something tries to affect you, but you resist.
Something hits you but does no damage.
You closely miss something. You miss something.
Something hits you but does no damage. The orc closely misses you.
You miss something. You headbutt something!
Something hits you but does no damage. The orc hits you but does no damage.
You barely miss something. The orc barely misses you. You furiously retaliate!
You headbutt the orc, but do no damage. Something hits you.
Something hits you but does no damage. The orc closely misses you.
You miss something. Something hits you. The orc hits you but does no damage.
You closely miss something. Your headbutt misses something.
Something hits you but does no damage. The orc hits you but does no damage.
You miss something. Something hits you. The orc hits you with a +0 flail!
You miss something. Something hits you. The orc hits you with a +0 flail.
You barely miss something. Something hits you but does no damage.
The orc hits you with a +0 flail!
* * * LOW HITPOINT WARNING * * *
You miss something. Something hits you but does no damage.
The orc hits you with a +0 flail.
* * * LOW HITPOINT WARNING * * *
You closely miss something. Your headbutt misses something.
You block the orc's attack. Something hits you.
* * * LOW HITPOINT WARNING * * *
Something hits you.
* * * LOW HITPOINT WARNING * * *
The orc closely misses you. You furiously retaliate!
You headbutt the orc!
You kill the orc!
You closely miss something. Something hits you.
* * * LOW HITPOINT WARNING * * *
You miss something. You headbutt something.
You hear some strange, mumbled words.
You are confused.
The orc hits you with a +0 hand axe.
* * * LOW HITPOINT WARNING * * *
You closely miss something.
You hear some strange, mumbled words.
A magic dart appears from out of thin air!
The magic dart hits you.
You die...

#....#####
#####....#
##.##.#######
####............
.......##.#######
.####.#...#
[..#.### ##.##.#
##########@#
........oo{#
############


You could see 2 orcs.

Vanquished Creatures
  2 adders
  A worm (D:2)
  A dart slug (D:1)
  2 orcs (D:3)
  2 giant cockroaches
  5 goblins
  6 hobgoblins
  2 quokkas
  4 ball pythons
  3 bats
  3 frilled lizards (D:1)
  6 kobolds
  7 rats
44 creatures vanquished.

Notes
Turn   | Place    | Note
-------+----------+-------------------------------------------
     0 | D:1      | Mitcholas the Minotaur Fighter began the quest for the Orb.
     0 | D:1      | Reached XP level 1. HP: 19/19 MP: 0/0
   191 | D:1      | Reached skill level 3 in Maces & Flails
   238 | D:1      | Reached XP level 2. HP: 25/26 MP: 1/1
   446 | D:1      | Found a faded altar of an unknown god.
   515 | D:1      | Reached skill level 4 in Maces & Flails
   890 | D:2      | Reached XP level 3. HP: 31/31 MP: 2/2
  1650 | D:3      | Reached skill level 5 in Maces & Flails
  1772 | D:3      | Reached XP level 4. HP: 33/39 MP: 3/3
  1787 | D:3      | Killed from afar by an orc wizard

Illustrated notes

Levels and vault maps discovered:
D:1:      roderic_crossed_star, layout_basic, ebering_ecumenical_altar_abandoned
D:2:      layout_loops_ring, minmay_misc_feat_alley
D:3:      layout_basic, grunt_temple_overflow_order_and_chaos_2,
          nicolae_vehumet_radiance, uniq_terence

Skill      XL: |  1  2  3 |
---------------+----------+-----
Maces & Flails | 3 4 5 |  5.3
Fighting       | |  3.6
Armour         | |  3.6
Shields        | |  3.6

Action                   |  1- 3 |  4- 6 || total
-------------------------+-------+-------++-------
Melee: Flail             |    98 |    16 ||   114
       Headbutt          |    17 |     2 ||    19
Armor: Scale mail        |    46 |    10 ||    56
Dodge: Dodged            |    45 |     4 ||    49
Block: Buckler           |    16 |     1 ||    17

Table legend: (Time is in decaauts)
 A = Elapsed time spent in this place.
 B = Non-inter-level travel time spent in this place.
 C = Inter-level travel time spent in this place.
 D = Time resting spent in this place.
 E = Time spent auto-exploring this place.
 F = Levels seen in this place.
 G = Mean time per level.
                   A        B        C        D        E       F      G
               +--------+--------+--------+--------+--------+-----+--------+
         Total |   1814 |   1763 |     51 |     22 |   1458 |   3 |  604.7 |
       Dungeon |   1814 |   1763 |     51 |     22 |   1458 |   3 |  604.7 |
               +--------+--------+--------+--------+--------+-----+--------+

Top non-repeatable levels by time:
     D:1: 883 daAuts
     D:2: 743 daAuts
     D:3: 187 daAuts
